 Dungeon Crawl Stone Soup version 0.29.1-15-g9cfb28693d (webtiles) character file.

Game seed: 16253326118062519489

25 Gustavia the Sneak (level 2, -8/22 HPs)
             Began as a Demonspawn Brigand on Mar 20, 2023.
             Mangled by a gnoll
             ... wielding a +2 spear of freezing
              (9 damage)
             ... on level 2 of the Dungeon.
             The game lasted 00:04:55 (1414 turns).

Gustavia the Sneak (Demonspawn Brigand)             Turns: 1414, Time: 00:04:55

Health: -8/22      AC:  4    Str: 11    XL:     2   Next: 86%
Magic:  2/2        EV: 11    Int: 12    God:
Gold:   23         SH:  0    Dex: 14    Spells: 1/1 levels left

rFire   . . .      SeeInvis .   g - +0 short sword (venom)
rCold   . . .      Faith    .   (no shield)
rNeg    . . .      Spirit   .   b - +1 robe
rPois   .          Reflect  .   (helmet restricted)
rElec   .          Harm     .   c - +0 cloak
rCorr   .          Rampage  .   (no gloves)
Will    +....                   (no boots)
Stlth   +++.......              (no amulet)
HPRegen 0.07/turn               f - ring of willpower
MPRegen 0.08/turn               (no ring)

@: no status effects
A: antennae 1, subdued magic 1, noise suppression
a: no special abilities


You were on level 2 of the Dungeon.
You visited 1 branch of the dungeon, and saw 2 of its levels.

You collected 23 gold pieces.

Inventory:

Hand Weapons
 a - a +2 dagger
 g - a +0 short sword of venom (weapon)
Missiles
 d - 9 poisoned darts (quivered)
 e - 3 curare-tipped darts
Armour
 b - a +1 robe (worn)
 c - a +0 cloak (worn)
Jewellery
 f - a ring of willpower (left hand)


   Skills:
 + Level 2.1 Fighting
 + Level 2.1 Short Blades
 + Level 1.9 Throwing
 + Level 0.9 Dodging
 + Level 4.2 Stealth


You had one spell level left.
You didn't know any spells.
Your spell library was empty.

Dungeon Overview and Level Annotations

Branches:
Dungeon (2/15)

Altars:


Innate Abilities, Weirdness & Mutations

You have a pair of small antennae on your head.
Your spells are a little easier to cast, but a little less powerful.
You passively dampen the noise of your surroundings.


Message History

Found a stone staircase leading down.
There is a stone staircase leading down here.
h - a scroll labelled YHOSTI OGGYR
As you read the scroll labelled YHOSTI OGGYR, it crumbles to dust.
It is a scroll of identify.
You don't have any unidentified items.
You aren't carrying any potions.
Done exploring.
There is a stone staircase leading down here.
You climb downwards.
Found an escape hatch in the ceiling.
There is a stone staircase leading up here.
The helpless gnoll fails to defend itself.
You puncture the gnoll!
The gnoll is poisoned.
The gnoll is severely wounded.
The gnoll shouts! x2
The gnoll barely misses you. x2
You hit the gnoll.
The gnoll looks as sick as possible!
The gnoll is almost dead.
You kill the gnoll!
The gnoll hits you from afar with a +0 spear.
The gnoll hits you with a +2 spear of freezing.
The gnoll freezes you.
You hit the gnoll.
The gnoll is poisoned.
The gnoll is moderately wounded.
The gnoll hits you from afar with a +0 spear.
The gnoll hits you with a +2 spear of freezing.
The gnoll freezes you.
You barely miss the gnoll.
The gnoll is moderately wounded.
The gnoll hits you but does no damage.
The gnoll hits you with a +2 spear of freezing.
* * * LOW HITPOINT WARNING * * *
The gnoll freezes you.
* * * LOW HITPOINT WARNING * * *
You can't go down here!
The gnoll hits you from afar with a +0 spear.
* * * LOW HITPOINT WARNING * * *
The gnoll hits you with a +2 spear of freezing!
You die...

.<...
...
...
...
#g#
#g#
#g#
#@#
#)#
#.#
#.#
#.#
#.#
#.#
#.#


You could see 3 gnolls.

Vanquished Creatures
  A gnoll (D:2)
  3 bats (D:1)
  An endoplasm (D:1)
  A giant cockroach (D:1)
  3 jackals (D:1)
  2 kobolds (D:1)
  A quokka (D:1)
  2 ball pythons (D:1)
14 creatures vanquished.

Notes
Turn   | Place    | Note
-------+----------+-------------------------------------------
     0 | D:1      | Gustavia the Demonspawn Brigand began the quest for the
                  | Orb.
     0 | D:1      | Reached XP level 1. HP: 16/16 MP: 1/1
   410 | D:1      | Gained mutation: You have a pair of small antennae on your
                  | head. [demonic ancestry]
   410 | D:1      | Reached XP level 2. HP: 22/22 MP: 2/2
   537 | D:1      | Reached skill level 4 in Stealth
   819 | D:1      | Gained mutation: Your spells are a little easier to cast,
                  | but a little less powerful. [potion of mutation]
   819 | D:1      | Gained mutation: You passively dampen the noise of your
                  | surroundings. [potion of mutation]
  1414 | D:2      | HP: 1/22 [gnoll/+0 spear (4)]
  1414 | D:2      | Mangled by a gnoll

Illustrated notes

Levels and vault maps discovered:
D:1:      reono_arrival_forest_river, layout_rooms, serial_forest,
          infiniplex_forest_lined_2, infiniplex_forest_straight_2,
          infiniplex_forest_zigzag_1, infiniplex_forest_straight_3,
          infiniplex_forest_zigzag_1, infiniplex_forest_clump_diagonal,
          roderic_lattice_a, hangedman_glass_teeth, minmay_misc_feat_rows
D:2:      layout_loops_ring, dreamdust_ecumenical_altar_statues, minivault_4

Skill      XL: |  1  2 |
---------------+-------+-----
Short Blades   | 2 |  2.1
Stealth        | 4 |  4.2
Fighting       | |  2.1
Throwing       | |  1.9
Dodging        | |  0.9

Action                   || total
-------------------------++-------
Melee: Dagger            ||    23
       Short sword       ||    27
  Use: Potion            ||     7
       Scroll            ||     3
 Stab: Sleeping          ||     4
Armor: Robe              ||    14
Dodge: Dodged            ||    24
